 Dungeon Crawl Stone Soup version 0.31.0-9-g3a7656b989 (webtiles) character file.

Game seed: 10036418839974674101

73 qw the Shooter (level 4, 0/22 HPs)
             Began as a Spriggan Hunter on Feb 2, 2024.
             Succumbed to their own poison gas
             ... on level 2 of the Dungeon.
             The game lasted 00:00:06 (1857 turns).

qw the Shooter (Spriggan Hunter)                    Turns: 1857, Time: 00:00:07

Health: 0/22       AC:  2    Str:  7    XL:     4   Next: 8%
Magic:  5/5        EV: 19    Int: 10    God:
Gold:   84         SH:  5    Dex: 20    Spells: 3/3 levels left

rFire   . . .        a - +0 shortbow
rCold   . . .        (shield currently unavailable)
rNeg    . . .        c - +0 robe
rPois   .            (helmet restricted)
rElec   .            (no cloak)
rCorr   +            (gloves unavailable)
SInv    +            (boots unavailable)
Will    .....        d - amulet of reflection
Stlth   ++           e - ring of resist corrosion
HPRegen 0.23/turn    (no ring)
MPRegen 0.09/turn

%: reflection
@: lethally poisoned (0 -> -3), attractive, very quick
A: very small, no large weapons, unfitting armour, see invisible, speed 3
a: no special abilities


You were on level 2 of the Dungeon.
You visited 1 branch of the dungeon, and saw 2 of its levels.

You collected 84 gold pieces.


Innate Abilities, Weirdness & Mutations

You are very small and have problems with some larger weapons.
You are too small for most types of armour.
You have supernaturally acute eyesight. (SInv)
You cover ground extremely quickly. (Speed+++)


   Skills:
 - Level 1.5 Fighting
 - Level 5.0 Ranged Weapons
 + Level 4.4 Dodging
 - Level 1.5 Stealth


You had 3 spell levels left.
You didn't know any spells.
Your spell library was empty.

Inventory:

Hand Weapons
 a - a +0 shortbow (weapon)
Armour
 c - a +0 robe (worn)
Jewellery
 d - an amulet of reflection (around neck)
 e - a ring of resist corrosion (left hand)
Potions
 f - a potion of heal wounds
 g - a potion of lignification {unknown}
 h - a potion of curing {unknown}

Dungeon Overview and Level Annotations

Branches:
Dungeon (2/15)

Altars:


Message History

Enter note:
Enter note:
Enter note:
Enter note:
Enter note:
Enter note:
Enter note:
Enter note:
Enter note:
Enter note:
Enter note:
Enter note:
Enter note:
Enter note:
Enter note:
Enter note:
Enter note:
Enter note: You are engulfed in poison gas.
You are lethally poisoned!
You feel very sick.
1849 ||| Stepping ~*~*~tactically~*~*~ (cloud).
You feel sick.
You see here a potion of attraction.
There is a lethal amount of poison in your body!
You feel very sick.
There is a lethal amount of poison in your body!
You feel very sick.
There is a lethal amount of poison in your body!
You feel very sick.
There is a lethal amount of poison in your body!
You feel sick.
There is a lethal amount of poison in your body!
You feel sick.
There is a lethal amount of poison in your body!
You feel sick.
There is a lethal amount of poison in your body!
You feel sick.
There is a lethal amount of poison in your body!
You die...

### ### #.# #0# #.# #0# #.# #0#
#.# ########
#######0######.#########
.......###¤.0.¤000...............
.........0¤0¤¤¤¤¤######.#########
..........000000@#......# ###
.........0000.000.00¤00.#######..
...........0¤¤00.#00¤0¤##........
.........0¤0¤.00¤#...¤.##........
######...00¤..00.#....¤.'........
#.##...0.000.¤0#.....##........
#.##...0¤0¤00¤.##.#####........
#.##...0¤¤0..0¤##.#####......##
#..............................


There were no monsters in sight!

Vanquished Creatures
  An adder (D:2)
  A dart slug (D:2)
  A ribbon worm (D:2)
  3 endoplasms
  6 giant cockroaches
  7 goblins
  7 hobgoblins
  4 quokkas
  5 ball pythons
  9 bats
  2 frilled lizards
  5 kobolds
  3 rats
54 creatures vanquished.

Notes
Turn   | Place    | Note
-------+----------+-------------------------------------------
     0 | D:1      | qw the Spriggan Hunter began the quest for the Orb.
     0 | D:1      | Reached XP level 1. HP: 10/10 MP: 2/2
     0 | D:1      | 0 ||| qw: Version: 0.3-a-155-g5e7d8dd
     0 | D:1      | 0 ||| qw: Game counter: 1848
     0 | D:1      | 0 ||| qw: Melee chars always use a shield: true
     0 | D:1      | 0 ||| qw: God list: Okawaru
     0 | D:1      | 0 ||| qw: Allow faded altars: false
     0 | D:1      | 0 ||| qw: Do Orc after clearing Dungeon:15 true
     0 | D:1      | 0 ||| qw: Do second Lair branch before Depths: true
     0 | D:1      | 0 ||| qw: Lair rune preference: random
     0 | D:1      | 0 ||| qw: Goals: Normal
     0 | D:1      | 0 ||| PLANNING D:1-11
    97 | D:1      | Reached skill level 3 in Dodging
   276 | D:1      | Found a faded altar of an unknown god.
   301 | D:1      | Reached XP level 2. HP: 14/14 MP: 3/3
   946 | D:1      | Reached XP level 3. HP: 18/18 MP: 4/4
   981 | D:1      | 981 ||| DROPPING scarf of shadows.
   982 | D:1      | 982 ||| UPGRADING to ring of resist corrosion.
   983 | D:1      | 983 ||| READING scroll labelled FELOKHL IKUKE.
   984 | D:1      | 984 ||| READING scroll labelled NUHORH RAWU.
   985 | D:1      | 985 ||| DRINKING 2 green potions.
   986 | D:1      | 986 ||| DROPPING scroll of butterflies.
  1083 | D:2      | HP: 4/18 [poisoned by an adder]
  1084 | D:2      | 1084 ||| DRINKING potion of heal wounds.
  1405 | D:2      | Reached skill level 5 in Ranged Weapons
  1514 | D:2      | Reached XP level 4. HP: 22/22 MP: 5/5
  1840 | D:2      | 1840 ||| UPGRADING to amulet of reflection.
  1845 | D:2      | 1845 ||| READING scroll labelled YTRYOSEMEI.
  1846 | D:2      | 1846 ||| DRINKING 2 pink potions.
  1847 | D:2      | 1847 ||| DROPPING potion of attraction.
  1849 | D:2      | 1849 ||| Stepping ~*~*~tactically~*~*~ (cloud).
  1852 | D:2      | HP: 5/22 [poisoned by you (poison gas)]
  1854 | D:2      | HP: 2/22 [poisoned by you (poison gas)]
  1857 | D:2      | Succumbed to their own poison gas

Levels and vault maps discovered:
D:1:      dpeg_arrival_circle_labyrinth_c, layout_loops_ring,
          dreamdust_ecumenical_altar_grove
D:2:      layout_basic, st_stairs_3

Skill      XL: |  1  2  3 |
---------------+----------+-----
Dodging        | 3 4 |  4.4
Ranged Weapons | 5 |  5.0
Fighting       | |  1.5
Stealth        | |  1.5

Action                     |  1- 3 |  4- 6 || total
---------------------------+-------+-------++-------
   Fire: Shortbow          |   166 |     7 ||   173
    Use: Scroll            |     2 |     1 ||     3
         Potion            |     2 |     1 ||     3
 Armour: Robe              |    15 |     1 ||    16
  Dodge: Dodged            |    54 |       ||    54

Table legend:
 A = Non-vault XP
 B = Vault XP
 C = Vault XP percentage of total XP
 D = Non-vault monster count
 E = Vault monster count
 F = Vault count percentage of total count
                 A         B        C        D         E       F
            +---------+---------+-------+---------+---------+-------
      Total |      98 |       7 |   6.7 |      51 |       3 |   5.6
            +---------+---------+-------+---------+---------+-------
        D:1 |      41 |       0 |   0.0 |      27 |       0 |   0.0
        D:2 |      57 |       7 |  10.9 |      24 |       3 |  11.1
            +---------+---------+-------+---------+---------+-------
